 Dungeon Crawl Stone Soup version 0.31-a0-746-ge8284cb111 (webtiles) character file.

Game seed: 14632160486578868403

174 Ijustatesigmund the Magician (level 5, -7/29 HPs)
             Began as a Deep Elf Fire Elementalist on Sept 14, 2023.
             Mangled by Menkaure (13 damage)
             ... on level 4 of the Dungeon.
             The game lasted 00:05:35 (3575 turns).

Ijustatesigmund the Magician (DEFE)                 Turns: 3575, Time: 00:05:35

Health: -7/29      AC:  2    Str:  5    XL:     5   Next: 28%
Magic:  7/13       EV: 12    Int: 22    God:
Gold:   65         SH:  0    Dex: 15    Spells: 5/12 levels left

rFire   . . .        c - +0 sling
rCold   . . .        (no shield)
rNeg    . . .        a - +0 robe
rPois   .            (no helmet)
rElec   .            (no cloak)
rCorr   .            (no gloves)
SInv    .            (no boots)
Will    .....        (no amulet)
Stlth   ++           (no ring)
HPRegen 0.24/turn    (no ring)
MPRegen 0.13/turn

%: no passive effects
@: invisible
A: no striking features
a: no special abilities


You were on level 4 of the Dungeon.
You visited 1 branch of the dungeon, and saw 4 of its levels.

You collected 120 gold pieces.
You spent 55 gold pieces at shops.

Inventory:

Hand Weapons
 c - a +0 sling (weapon)
Armour
 a - a +0 robe (worn)
Jewellery
 q - a ring of ice
Scrolls
 e - 2 scrolls of revelation {unknown}
 f - a scroll of summoning {unknown}
 h - 2 scrolls of teleportation
 i - a scroll of blinking {unknown}
 j - a scroll of amnesia {unknown}
 m - 2 scrolls of fog {unknown}
Potions
 b - a potion of magic
 d - a potion of ambrosia {unknown}
 g - a potion of attraction
 k - a potion of curing {unknown}
 n - a potion of lignification {unknown}
 o - a potion of enlightenment {unknown}
 p - a potion of heal wounds {unknown}


   Skills:
 + Level 1.5 Fighting
 + Level 2.7 Ranged Weapons
 - Level 2.4 Dodging
 - Level 2.4 Stealth
 + Level 4.2 Spellcasting
 + Level 2.6 Conjurations
 + Level 4.1 Fire Magic


You had 5 spell levels left.
You knew the following spells:

 Your Spells              Type           Power      Damage    Failure   Level
a - Foxfire               Conj/Fire      76%        2x1d7     2%          1
b - Scorch                Fire           44%        2d6       3%          2
c - Flame Wave            Conj/Fire      19%        2d7       26%         4

Your spell library contained the following spells:

 Spells                   Type           Power      Damage    Failure   Level
 Inner Flame              Hex/Fire       13%        N/A       14%         3
 Volatile Blastmotes      Fire/Tloc      26%        2d12      14%         3


Dungeon Overview and Level Annotations

Branches:
Dungeon (4/15)
 Temple: D:4-7

Altars:
Elyvilon

Shops:
D:1 ?

Annotations:
D:4 Menkaure


Message History

Confirm with . or Enter, or press ? or * to list all spells.
You can't see any susceptible monsters within range! (Use Z to cast anyway.)
Things that are here:
a +1 flail of holy wrath; a +0 ring mail; an orc corpse You start resting.
Magic restored.
You start resting.
HP restored.
You start waiting.
Done waiting.
There is a stone staircase leading down here.
You climb downwards.
Level annotation: Menkaure The orc barely misses you.
Menkaure closely misses you.
There is a stone staircase leading up here.
Casting: Scorch (safe; 3% risk of failure)
Confirm with . or Enter, or press ? or * to list all spells.
Casting: Flame Wave (extremely dangerous; 26% risk of failure)
Press: ? - help, Dir - look around, f - activate A wave of flame ripples out!
The flame wave engulfs Menkaure but does no damage.
The flame wave engulfs the orc!
You kill the orc! (Press . to intensify the flame waves.)
A wave of flame ripples out!
The flame wave engulfs Menkaure!
Menkaure is burned terribly!
Menkaure is moderately damaged.
Menkaure hits you!!
Ouch! That really hurt!
* * * LOW HITPOINT WARNING * * *
An orc comes into view. It is wielding a +0 dagger.
A wave of flame ripples out!
The flame wave engulfs Menkaure!
Menkaure is burned terribly!
Menkaure is severely damaged.
The flame wave engulfs the orc.
The orc is severely wounded.
You finish channelling waves of flame.
Menkaure closely misses you.
It was a potion of invisibility.
You fade into invisibility!
Menkaure hits you!
You die...

..## #...
##... #....
####
#...##.@#
#..M#.M)#
#..#...#o.##
#...†o###
.o.o........#
.....⌠......#
............#
###.....#####
+#...#.


You could see Menkaure and 2 orcs.

Vanquished Creatures
  A scorpion (D:4)
  5 adders
  2 worms
  4 dart slugs
  2 orcs
  6 ball pythons
  3 endoplasms
  2 giant cockroaches (D:1)
  2 goblins (D:2)
  6 hobgoblins
  2 kobolds
  2 quokkas (D:1)
  6 bats
  11 frilled lizards
  7 rats
61 creatures vanquished.

Vanquished Creatures (others)
  20 foxfires (D:1)
20 creatures vanquished.

Grand Total: 81 creatures vanquished

Notes
Turn   | Place    | Note
-------+----------+-------------------------------------------
     0 | D:1      | Ijustatesigmund the Deep Elf Fire Elementalist began the
                  | quest for the Orb.
     0 | D:1      | Reached XP level 1. HP: 10/10 MP: 6/6
   326 | D:1      | Reached XP level 2. HP: 13/15 MP: 8/8
   419 | D:1      | Reached skill level 1 in Ranged Weapons
   481 | D:1      | Learned a level 2 spell: Scorch
   628 | D:1      | Found Cuanor's Magic Scroll Shoppe.
   749 | D:1      | Bought a scroll of teleportation for 33 gold pieces
   940 | D:2      | Reached XP level 3. HP: 20/20 MP: 9/9
  1202 | D:2      | Found a white marble altar of Elyvilon.
  1397 | D:2      | Reached skill level 1 in Fighting
  1814 | D:2      | Reached XP level 4. HP: 25/25 MP: 8/11
  1819 | D:2      | Learned a level 4 spell: Flame Wave
  2549 | D:1      | Bought a scroll of identify for 22 gold pieces
  3370 | D:4      | Noticed a scorpion
  3373 | D:4      | Killed a scorpion
  3374 | D:4      | Reached XP level 5. HP: 29/29 MP: 6/13
  3374 | D:4      | Noticed Menkaure
  3575 | D:4      | Mangled by Menkaure

Illustrated notes

Levels and vault maps discovered:
D:1:      nicolae_arrival_memento_mori, layout_loops_ring, serial_shops,
          nicolae_shop_peninsula, minivault_24
D:2:      layout_basic, basic_altar
D:3:      minmay_inner_zag, layout_basic, amcnicky_mini_corridor_feature,
          minmay_lizard_king
D:4:      layout_rooms, nicolae_concentric_dashed_squares_mild,
          grunt_ministairs_6, uniq_menkaure

Skill      XL: |  1  2  3  4 |
---------------+-------------+-----
Ranged Weapons | 1 2 |  2.7
Fighting       | 1 |  1.5
Conjurations   | 2 |  2.6
Spellcasting   | 4 |  4.2
Fire Magic     | 4 |  4.1
Dodging        | |  2.4
Stealth        | |  2.4

Action                     |  1- 3 |  4- 6 || total
---------------------------+-------+-------++-------
   Fire: Sling             |    75 |    48 ||   123
   Cast: Foxfire           |    12 |       ||    12
         Scorch            |     8 |    12 ||    20
         Flame Wave        |       |     3 ||     3
    Use: Scroll            |       |     2 ||     2
         Potion            |       |     1 ||     1
 Armour: Robe              |    20 |    28 ||    48
  Dodge: Dodged            |    25 |    31 ||    56

Table legend: (Time is in decaauts)
 A = Elapsed time spent in this place.
 B = Non-inter-level travel time spent in this place.
 C = Inter-level travel time spent in this place.
 D = Time resting spent in this place.
 E = Time spent auto-exploring this place.
 F = Levels seen in this place.
 G = Mean time per level.
                   A        B        C        D        E       F      G
               +--------+--------+--------+--------+--------+-----+--------+
         Total |   3617 |   3326 |    291 |    565 |   2387 |   4 |  904.2 |
       Dungeon |   3617 |   3326 |    291 |    565 |   2387 |   4 |  904.2 |
               +--------+--------+--------+--------+--------+-----+--------+

Top non-repeatable levels by time:
     D:3: 1449 daAuts
     D:2: 1213 daAuts
     D:1: 932 daAuts
     D:4: 22 daAuts
